 Dungeon Crawl Stone Soup version 0.26-a0-639-g72c4674329 (webtiles) character file.

Game seed: 8514236595917047139

186 Borgoz the Ruffian (level 5, -10/45 HPs)
             Began as a Ghoul Gladiator on Sept 20, 2020.
             Engulfed by a cloud of flame (16 damage)
             ... on level 2 of the Dungeon.
             The game lasted 00:01:37 (1547 turns).

Borgoz the Ruffian (Ghoul Gladiator)                Turns: 1547, Time: 00:01:38

Health: -10/45     AC:  6    Str: 18    XL:     5   Next: 65%
Magic:  4/4        EV: 12    Int:  3    God:
Gold:   109        SH:  0    Dex: 11    Spells: 4/4 levels left

rFire    . . .     SeeInvis .     - Unarmed
rCold    + . .     Faith    .   (no shield)
rNeg     + + +     Spirit   .   e - +0 ring mail
rPois    ∞         Reflect  .   b - +0 helmet
rElec    .         Harm     .   (no cloak)
rCorr    .         Rampage  .   (no gloves)
MR       .....                  (no boots)
Stlth    +.........             (no amulet)
HPRegen  0.00/turn              (no ring)
MPRegen  0.09/turn              (no ring)

@: no status effects
A: rotting body, claws 1, cold resistance 1, negative energy resistance 3,
inhibited regeneration, torment resistance, unbreathing
a: no special abilities


You were on level 2 of the Dungeon.
You visited 1 branch of the dungeon, and saw 2 of its levels.

You collected 109 gold pieces.

Inventory:

Missiles
 c - 2 throwing nets (quivered)
Armour
 b - a +0 helmet (worn)
 e - a +0 ring mail (worn)
Jewellery
 g - an uncursed ring of wizardry
Scrolls
 h - 2 scrolls of remove curse {unknown}
 m - a scroll of noise {unknown}
Potions
 a - 4 potions of curing {unknown}
 d - a potion of haste {unknown}
 f - a potion of resistance {unknown}
 i - a potion of lignification {unknown}
 j - a potion of heal wounds {unknown}
 k - a potion of ambrosia {unknown}
 l - a potion of degeneration {unknown}
 n - a potion of cancellation {unknown}
 o - a potion of flight {unknown}


   Skills:
 + Level 3.6 Fighting
 - Level 2.0 Throwing
 + Level 2.0 Armour
 + Level 3.6 Dodging
 + Level 4.3 Unarmed Combat


You had 4 spell levels left.
You didn't know any spells.
Your spell library was empty.

Dungeon Overview and Level Annotations

Branches:
Dungeon (2/15)

Altars:
Elyvilon
Uskayaw
Vehumet


Innate Abilities, Weirdness & Mutations

Your body is rotting away.
You thrive by killing the living.
You are immune to poison.
You have sharp fingernails.
Your flesh is cold resistant. (rC+)
You are immune to negative energy. (rN+++)
You do not regenerate when monsters are visible.
You are immune to unholy pain and torment.
You can survive without breathing.


Message History

[Y]es or [N]o only, please.
Really walk into that cloud of flame? [Y]es or [N]o only, please.
Really walk into that cloud of flame? [Y]es or [N]o only, please.
Really walk into that cloud of flame?
Okay, then.
You closely miss the frilled lizard.
The frilled lizard bites you but does no damage.
You scratch the frilled lizard but do no damage.
The frilled lizard barely misses you.
You claw the frilled lizard!
You kill the frilled lizard!
Your Armour skill increases to level 2!
You are engulfed in blazing flames.
You miss the frilled lizard.
You are engulfed in blazing flames.
* * * LOW HITPOINT WARNING * * *
The frilled lizard closely misses you.
You closely miss the frilled lizard.
You are engulfed in blazing flames.
You die...

######### # ........#
#.#########.#####
#.§☼............#
##.○....####.###.######
#.$°°.@#.# #.#.........
#..°.°l##.##.#.#.#####.
#......# #.#.#.#.......
#!..#.## #..#.#######.
####.. ###.# ## ##. #.#
# ## #.### # #...# #
###.# #


You could see a frilled lizard.

Vanquished Creatures
  Sigmund (D:2)
  An adder (D:2)
  2 worms (D:2)
  A ball python (D:2)
  2 bats (D:2)
  3 giant cockroaches (D:2)
  A goblin (D:1)
  3 hobgoblins (D:2)
  5 frilled lizards
  3 kobolds
  A rat (D:1)
23 creatures vanquished.

Notes
Turn   | Place    | Note
-------+----------+-------------------------------------------
     0 | D:1      | Borgoz the Ghoul Gladiator began the quest for the Orb.
     0 | D:1      | Reached XP level 1. HP: 17/17 MP: 0/0
   749 | D:2      | Reached XP level 2. HP: 25/25 MP: 1/1
  1018 | D:2      | Reached XP level 3. HP: 30/30 MP: 2/2
  1087 | D:2      | Found a hide-covered altar of Uskayaw.
  1166 | D:2      | Found a white marble altar of Elyvilon.
  1255 | D:2      | Noticed Sigmund
  1284 | D:2      | Killed Sigmund
  1284 | D:2      | Reached skill level 1 in Armour
  1284 | D:2      | Reached skill level 4 in Unarmed Combat
  1284 | D:2      | Reached XP level 4. HP: 20/38 MP: 3/3
  1284 | D:2      | Reached XP level 5. HP: 24/45 MP: 4/4
  1536 | D:2      | Found a radiant altar of Vehumet.
  1547 | D:2      | Engulfed by a cloud of flame

Illustrated notes

Levels and vault maps discovered:
D:1:      giann_bridges, layout_basic, minmay_misc_feat_chi
D:2:      layout_loops_ring, elyvilon_altar_3, lemuel_doored_altar,
          fiery_altar_vehumet, uniq_sigmund

Skill      XL: |  1  2  3  4  5 |
---------------+----------------+-----
Throwing       | 2 |  2.0
Dodging        | 3 |  3.6
Fighting       | 3 |  3.6
Armour         | 1 2 |  2.0
Unarmed Combat | 4 |  4.3

Action                   |  1- 3 |  4- 6 || total
-------------------------+-------+-------++-------
Melee: Unarmed           |    84 |     8 ||    92
Throw: Throwing net      |     1 |       ||     1
Armor: Ring mail         |    19 |     3 ||    22
Dodge: Dodged            |    29 |     4 ||    33

Table legend: (Time is in decaauts)
 A = Elapsed time spent in this place.
 B = Non-inter-level travel time spent in this place.
 C = Inter-level travel time spent in this place.
 D = Time resting spent in this place.
 E = Time spent auto-exploring this place.
 F = Levels seen in this place.
 G = Mean time per level.
                   A        B        C        D        E       F      G
               +--------+--------+--------+--------+--------+-----+--------+
         Total |   1539 |   1532 |      7 |      0 |   1326 |   2 |  769.5 |
       Dungeon |   1539 |   1532 |      7 |      0 |   1326 |   2 |  769.5 |
               +--------+--------+--------+--------+--------+-----+--------+

Top non-repeatable levels by time:
     D:2: 891 daAuts
     D:1: 648 daAuts
